 Dungeon Crawl Stone Soup version 0.16-a0-1885-g0f03bb0 (webtiles) character file.

1522154 Zooty the Halfling Arbalest (level 27, 203/203 HPs)
             Began as a Halfling Wanderer on Nov 5, 2014.
             Was a High Priest of Trog.
             Escaped with the Orb
             ... and 3 runes on Nov 6, 2014!
             The game lasted 05:51:39 (93587 turns).

Zooty the Halfling Arbalest (Halfling Wanderer)    Turns: 93587, Time: 05:51:39

Health: 203/203    AC: 43    Str: 14    XL:     27
Magic:  36/36      EV: 33    Int: 10    God:    Trog [*****.]
Gold:   2224       SH:  0    Dex: 28    Spells: 0 memorised, 26 levels left

rFire  + . .     SeeInvis .     b - +9 triple crossbow (velocity)
rCold  + + +     Clarity  .     h - +5 pearl dragon armour
rNeg   + . .     SustAb   .     (no shield)
rPois  .         Gourm    .     d - +2 helmet
rElec  +         Spirit   .     A - +4 dragonskin cloak
rCorr  .         Warding  .     s - +2 pair of gloves
rMut   +         Stasis   .     y - +2 pair of boots {run}
MR     ++...                    B - amulet of resist mutation
Stlth  +++.......               S - ring of protection from fire
                                c - ring of Feuloff {+Blink +Fly rElec rC++ EV+1}

@: quick, very resistant to hostile enchantments, fairly stealthy
A: talons 1, agile 1, mutation resistance 1, MP-powered wands 1
a: Burn Spellbooks, Berserk, Trog's Hand, Brothers in Arms, Renounce Religion,
Evoke Blink, Evoke Flight
0: Orb of Zot
}: 3/15 runes: serpentine, barnacled, silver


You escaped.
You worshipped Trog.
Trog was extremely pleased with you.
You were full.

You visited 10 branches of the dungeon, and saw 56 of its levels.
You visited 1 bazaar.
You also visited: Labyrinth, Trove and Ice Cave.

You collected 8214 gold pieces.
You spent 5990 gold pieces at shops.

Inventory:

Hand weapons
 a - a +9 quick blade of flaming
 b - a +9 triple crossbow of velocity (weapon)
Missiles
 l - 16 bolts of frost
 u - 146 bolts of penetration
 x - 421 bolts
 F - 127 silver bolts
 G - 6 curare-tipped needles
 I - 23 throwing nets
 P - 56 steel bolts (quivered)
Armour
 d - a +2 helmet (worn)
 h - a +5 pearl dragon armour (worn)
 s - a +2 pair of gloves (worn)
 y - a +2 pair of boots of running (worn)
 A - the +4 dragonskin cloak (worn)
   (You took it off Tiamat on level 4 of the Realm of Zot)
Rods
 g - a +6 lightning rod (9/9)
   (You found it on level 5 of the Shoals)
 o - a +0 rod of inaccuracy (10/10)
   (You bought it in a shop on level 4 of the Orcish Mines)
Jewellery
 c - the ring of Feuloff (left hand) {+Blink +Fly rElec rC++ EV+1}
   (You took it off a vault guard on level 4 of the Vaults)

   [ring of evasion]

   It affects your evasion (+1).
   It greatly protects you from cold.
   It insulates you from electricity.
   It lets you fly.
   It lets you blink.
 i - a +5 ring of slaying
 q - an uncursed ring of teleport control
 B - an amulet of resist mutation (around neck)
 M - an uncursed ring of poison resistance
 Q - an uncursed ring of see invisible
 S - a ring of protection from fire (right hand)
 W - an uncursed ring of protection from magic
Magical devices
 m - a wand of teleportation (2)
 t - a wand of draining (5)
 K - a wand of fire (6)
 N - a wand of cold (2)
 U - a wand of digging (5)
Scrolls
 j - a scroll of summoning
 n - 2 scrolls of silence
 z - 6 scrolls of fog
 C - 9 scrolls of blinking
 E - 22 scrolls of teleportation
 J - 9 scrolls of fear
 R - 5 scrolls of recharging
 X - 19 scrolls of remove curse
Potions
 e - 6 potions of resistance
 k - 11 potions of might
 v - a potion of magic
 H - 9 potions of agility
 L - 4 potions of cancellation
 T - 18 potions of curing
 V - 4 potions of heal wounds
 Z - 5 potions of haste
Miscellaneous
 f - a fan of gales
 p - 2 phantom mirrors
 D - a lamp of fire
Comestibles
 r - 24 meat rations
 w - 10 beef jerkies


   Skills:
 + Level 20.7 Fighting
 - Level 12.0 Short Blades
 O Level 27 Crossbows
 + Level 22.4 Armour
 + Level 20.1 Dodging
 - Level 17.2 Stealth
 - Level 10.7 Evocations


You had 26 spell levels left.
You didn't know any spells.

Dungeon Overview and Level Annotations

Branches:
Dungeon (15/15)            Temple (1/1) D:5            Lair (8/8) D:8
 Shoals (5/5) Lair:4        Snake (5/5) Lair:4        Slime (0/6) Lair:6
    Orc (4/4) D:9             Elf (3/3) Orc:4        Vaults (5/5) D:14
  Crypt (0/3) Vaults:3     Depths (5/5) D:15            Zot (5/5) Depths:5

Altars:
Ashenzari
Cheibriados
Dithmenos
Elyvilon
Fedhas
Gozag
Kikubaaqudgha
Makhleb
Nemelex Xobeh
Okawaru
Qazlal
Ru
Sif Muna
Trog
Vehumet
Xom
Yredelemnul
Zin
The Shining One
Beogh
Jiyva
Lugonu

Shops:
D:4 *   D:6 *[   D:10 *   Orc:4 ?}%:[%*   Shoals:2 *   Vaults:2 }   Depths:3 !

Portals:
Hell: Depths:1 Depths:2 Depths:3 Depths:4 Depths:5
Abyss: Depths:2 Depths:4
Pandemonium: Depths:3
Ziggurat: Depths:2

Annotations:
D:4 Dowan, Duvessa, Menkaure


Innate Abilities, Weirdness & Mutations

You are small and have problems with some larger weapons.
You are somewhat resistant to further mutation.
You have sharp toenails.
You are agile. (Dex +2)
You expend magic power (6 MP) to slightly strengthen your wands.


Message History

Where to? (Enter - D:1 @ (x,y), ? - help)
Your magical contamination has completely faded away.
An ooze comes into view.
Firing (i - inventory. (,) - cycle):
P - 56 steel bolts (quivered)
Press: ? - help, Shift-Dir - straight line, f - ooze
Aim: an ooze You shoot a steel bolt.
The steel bolt hits the ooze!!
You kill the ooze!
Trog accepts your kill.
(D) Dungeon (T) Temple (L) Lair (A) Shoals (P) Snake Pit (M) Slime Pits (O) Orcish Mines (E) Elven Halls (V) Vaults (C) Crypt (U) Depths (H) Hell (Z) Zot
Where to? (Enter - D:1 @ (x,y), ? - help)
P - 56 steel bolts (gained 1)
You hear a grinding noise.
You hear a grinding noise.
You hear a grinding noise.
There is a staircase leading out of the dungeon here.
You have escaped!

........#...#.#.#########.#
............#.#...........#
............###############
.....#......# .....#......#
.....#......############
#....#####.............#
.....# #.###########.#
..##.#####.#...#@# #.#
..##.....รท.#.#.#.# #.#
..........##.#.#.# #.#
..........##.#.#.# #.######
..........##.#.#.# #.#....#
##......#.##.#.#.# #.#.##.#
##......#.##.#.#.# #.#..#.#
.#......#.##.#.#.# #.#..#.#
.#......#.##.#.#.# #.#..#.#


There were no monsters in sight!

Vanquished Creatures
  Tiamat (Zot:4)
  5 orbs of fire (Zot:5)
  4 ancient liches
  2 curse toes
  5 Killer Klowns
  A pandemonium lord (Depths:5)
  A caustic shrike (Depths:2)
  14 golden dragons
  Jory (Vaults:4)
  A Brimstone Fiend (D:15)
  Nikola (Depths:2)
  3 electric golems
  13 tentacled monstrosities
  Vashnia (Snake:3)
  2 Ice Fiends
  22 Orb Guardians (Zot:5)
  A quicksilver dragon (Vaults:5)
  2 deep elf blademasters (Elf:3)
  2 deep elf master archers (Elf:3)
  2 titans (Vaults:5)
  7 liches
  A kraken (Shoals:2)
  2 Executioners
  3 sphinxes
  15 storm dragons
  Kirke (Shoals:4)
  9 shadow dragons
  7 draconian monks
  Roxanne (Snake:4)
  7 greater nagas
  3 tengu reavers
  12 draconian knights
  10 fire giants
  5 draconian scorchers
  Donald (Elf:1)
  Wiglaf (Depths:2)
  10 frost giants
  An iron dragon (Depths:5)
  Aizul (Elf:1)
  Louise (Elf:1)
  10 vault wardens
  2 ghost moths
  A reaper (Depths:5)
  6 deep elf sorcerers
  2 cacodemons
  7 emperor scorpions
  An angel (Depths:2)
  6 draconian zealots
  3 spriggan defenders
  12 very ugly things
  A ghoul (Vaults:3)
  2 balrugs (Depths:3)
  28 stone giants
  5 draconian annihilators
  5 draconian shifters
  8 rakshasas
  6 draconian callers
  5 war gargoyles
  5 green draconians
  16 grey draconians
  4 deep elf demonologists
  5 black draconians
  6 vampire knights
  10 deep elf annihilators
  9 pale draconians
  A mottled draconian (Zot:4)
  11 yellow draconians
  3 white draconians (Zot:2)
  3 dire elephants
  4 red draconians
  9 purple draconians
  7 ettins
  2 jiangshi (Depths:5)
  12 fire dragons
  7 merfolk impalers
  6 merfolk javelineers
  The ghost of RobertPalmer the Transmogrifier, a powerful DsTm of Ru (Lair:7)
  8 deep elf death magi
  40 vault guards
  4 minotaurs
  4 small abominations
  10 ogre magi
  16 yaktaur captains
  8 deep elf high priests
  7 death cobs
  20 ironheart preservers
  21 ice dragons
  Harold (D:12)
  8 naga warriors
  3 spriggan air magi
  6 great orbs of eyes
  7 hydras
  The ghost of shklvsk the Cleaver, a powerful DsGl of Qazlal (IceCv)
  Nessos (Elf:1)
  19 centaur warriors
  A ghost crab (shapeshifter) (Depths:2)
  4 merfolk avatars
  Erica (Lair:2)
  11 merfolk aquamancers
  A ghost crab (Vaults:3)
  An orc high priest (Elf:2)
  5 dancing weapons
  20 deep troll earth magi
  5 anacondas
  3 vampire magi
  31 death yaks
  6 tengu warriors
  A satyr (Shoals:5)
  5 spriggan berserkers
  11 deep troll shamans
  2 shock serpents
  25 naga sharpshooters
  The ghost of Grangar the Destroyer, a powerful DECj of Vehumet (Lab)
  20 hell knights
  Nergalle (D:12)
  A soul eater (Depths:3)
  4 sun demons
  7 unseen horrors
  3 catoblepae
  21 deep elf knights
  A fire crab (Vaults:1)
  2 swamp dragons (Snake:3)
  3 skeletal warriors (Vaults:1)
  An unseen horror (shapeshifter) (Elf:2)
  An iron troll (Depths:1)
  3 salamander mystics
  2 shadow wraiths
  13 deep elf summoners
  49 deep trolls
  A golden dragon zombie (Depths:2)
  4 wizards
  3 giant orange brains
  28 harpies
  2 flayed ghosts
  A spriggan druid (Elf:2)
  17 sea snakes
  2 ice statues
  2 swamp dragons (shapeshifter)
  23 hill giants
  A lindwurm (Snake:5)
  8 necromancers
  Erolcha (Orc:3)
  6 naga ritualists
  Pikel (D:4)
  8 orc knights
  A harpy (shapeshifter) (Vaults:3)
  18 ironbrand convokers
  14 griffons
  An anubis guard (shapeshifter) (Vaults:5)
  4 phantasmal warriors
  37 ugly things
  18 cyclopes
  6 manticores
  17 mana vipers
  A salamander (shapeshifter) (Depths:5)
  3 water nymphs
  11 wolf spiders
  2 fauns (shapeshifter)
  14 salamanders
  43 black mambas
  12 orc sorcerers
  A frost giant zombie (Depths:2)
  28 deep elf conjurers
  An oklob plant (Lair:4)
  A draconian (shapeshifter) (Vaults:3)
  12 fauns
  5 sixfirhies
  A hell beast (Depths:3)
  A rust devil (D:7)
  11 sirens
  A guardian serpent (Snake:3)
  Maurice (Orc:4)
  29 naga magi
  3 elephants (Lair:8)
  A molten gargoyle (Depths:1)
  2 torpor snails
  An eye of devastation (Snake:5)
  A torpor snail (shapeshifter) (Vaults:5)
  25 moths of wrath
  An orange demon (D:10)
  5 gargoyles
  14 vault sentinels
  A black mamba (shapeshifter) (D:15)
  15 spiny frogs
  2 guardian serpents (shapeshifter)
  4 smoke demons
  3 hellwings
  9 komodo dragons
  5 kobold demonologists
  A komodo dragon (shapeshifter) (Vaults:2)
  A spiny frog (shapeshifter) (Depths:2)
  38 yaktaurs
  7 fire drakes
  A demonic crawler (Elf:3)
  A red devil (Depths:1)
  A queen bee (Lair:6)
  A minotaur zombie (Lab)
  21 deep elf priests
  5 trolls
  A tengu conjurer (D:14)
  A jumping spider (Vaults:4)
  2 guardian mummies (D:14)
  2 wind drakes (shapeshifter)
  43 merfolk
  24 polar bears
  8 freezing wraiths
  24 blink frogs
  2 polar bears (shapeshifter)
  2 queen bees (shapeshifter)
  Grinder (D:5)
  18 slime creatures
  2 wind drakes
  Prince Ribbit (D:8)
  4 ravens
  2 basilisks
  A raven (shapeshifter) (Vaults:3)
  4 boulder beetles
  A trapdoor spider (shapeshifter) (Vaults:3)
  11 two-headed ogres
  2 shadows
  7 redbacks
  15 snapping turtles
  A basilisk (shapeshifter) (Vaults:2)
  2 spriggans (Depths:4)
  3 air elementals (Depths:5)
  A vampire (D:15)
  5 wraiths
  A trapdoor spider (Lair:2)
  20 water elementals
  42 deep elf magi
  3 neqoxecs
  A raiju (shapeshifter) (Depths:4)
  A ynoxinul (Depths:3)
  A hill giant zombie (D:10)
  A hippogriff (shapeshifter) (D:15)
  50 deep elf fighters
  3 chaos spawn
  3 wyverns
  3 humans
  20 hippogriffs
  Grum (Orc:4)
  A tarantella (Elf:3)
  A steam dragon (Lair:2)
  51 yaks
  A hog (Shoals:4)
  2 hill giant skeletons
  A redback simulacrum (D:15)
  35 vampire mosquitoes
  A yak (shapeshifter) (D:15)
  55 nagas
  45 wolves
  2 human zombies (Depths:2)
  15 wargs
  5 mottled dragons
  15 porcupines
  A spider (Lair:2)
  A hell hound (Depths:1)
  6 ice beasts
  34 orc warriors
  31 water moccasins
  A swamp drake (Lair:2)
  9 black bears
  A necrophage (D:11)
  2 sky beasts
  2 eyes of draining
  16 boggarts
  4 large abominations
  4 phantoms
  An eye of draining (shapeshifter) (Vaults:1)
  23 centaurs
  4 yellow wasps
  40 ogres
  A giant frog (shapeshifter) (Depths:3)
  A yaktaur zombie (Depths:2)
  A lost soul (Vaults:4)
  14 crocodiles
  26 giant frogs
  3 brain worms
  A glowing shapeshifter simulacrum (Vaults:3)
  A gnoll sergeant (D:13)
  4 big kobolds
  A wight (D:11)
  7 scorpions
  35 killer bees
  A yak zombie (D:7)
  3 troll skeletons
  A quasit (D:9)
  9 crimson imps
  2 goliath beetles (D:10)
  7 hounds
  4 jellies
  4 electric eels
  21 orc priests
  Crazy Yiuf (D:2)
  9 worker ants
  A centaur skeleton (D:11)
  55 orc wizards
  A statue (D:4)
  13 iguanas
  2 orange rats
  3 iron imps
  28 sheep
  6 ogre zombies (D:9)
  Jessica (D:3)
  2 hound skeletons
  2 mummies
  15 gnolls
  16 adders
  50 green rats
  15 orc zombies
  6 shadow imps
  2 white imps
  2 giant mites
  A giant eyeball (D:5)
  6 ufetubi (Depths:3)
  3 worms
  An iguana zombie (D:9)
  An iguana skeleton (D:4)
  8 giant geckos
  2 oozes (D:1)
  179 orcs
  2 ball pythons
  6 giant cockroaches
  24 hobgoblins
  17 jackals
  17 quokkas
  12 bats
  9 giant newts
  A giant spore (D:15)
  20 goblins
  A hobgoblin skeleton (D:9)
  3 hobgoblin zombies (D:9)
  40 kobolds
  3 kobold skeletons
  4 orc skeletons
  14 rats
  2 rat zombies
  9 ballistomycetes
  6 crawling corpses
  A fungus (Lair:8)
  2 plants (Shoals:3)
  4 tentacles (Shoals:2)
2959 creatures vanquished.

Vanquished Creatures (collateral kills)
  An ancient lich (Vaults:5)
  Sojobo (Vaults:5)
  Norris (Snake:3)
  Mara (Depths:2)
  A titan (Vaults:5)
  A shadow dragon (Vaults:5)
  2 tengu reavers (Vaults:5)
  Ilsuiw (Shoals:5)
  A greater naga (Snake:5)
  A vault warden (Vaults:3)
  A frost giant (Depths:4)
  A dire elephant (Depths:4)
  A purple draconian (Zot:4)
  A deep elf high priest (Vaults:5)
  2 ironheart preservers
  A shock serpent (Snake:2)
  A hell knight (Depths:3)
  2 naga sharpshooters
  An ironbrand convoker (Vaults:5)
  A wolf spider (shapeshifter) (Vaults:5)
  A siren (Shoals:5)
  A naga mage (Snake:3)
  A yaktaur (Vaults:3)
  A yak (IceCv)
  A redback (shapeshifter) (Vaults:5)
  A naga (Snake:3)
  A yellow wasp (Depths:4)
30 creatures vanquished.

Vanquished Creatures (others)
  A vault warden (Vaults:4)
  A purple draconian (Zot:4)
  2 ettins
  A great orb of eyes (Vaults:5)
  An ogre mage (Vaults:2)
  A flayed ghost (Vaults:4)
  A harpy (Vaults:1)
  An ugly thing (Vaults:1)
  2 hill giants (Depths:4)
  A water nymph (Shoals:5)
  An orc knight (Vaults:2)
  2 drowned souls (Shoals:2)
  An air elemental (Depths:2)
  A fire elemental (Vaults:3)
  A merfolk (Shoals:3)
  A polar bear (IceCv)
  2 trolls
  A yak (IceCv)
  A deep elf mage (Vaults:1)
  2 deep elf fighters
  3 humans (Shoals:4)
  An ogre (Depths:1)
  2 boggarts (Vaults:1)
  A centaur (Vaults:1)
  5 lost souls
  An orc (D:7)
  2 giant spores
  A ballistomycete (D:15)
  2 eldritch tentacle segments (Zot:1)
  4 fungi
  3 plants
  13 tentacles (Shoals:2)
  489 tentacle segments (Shoals:2)
552 creatures vanquished.

Grand Total: 3541 creatures vanquished

Notes
Turn   | Place    | Note
--------------------------------------------------------------
     0 | D:1      | Zooty, the Halfling Wanderer, began the quest for the Orb.
     0 | D:1      | Reached XP level 1. HP: 16/16 MP: 1/1
    91 | D:1      | Reached skill level 1 in Short Blades
   295 | D:1      | Reached XP level 2. HP: 21/21 MP: 2/2
   414 | D:1      | Reached XP level 3. HP: 26/26 MP: 3/3
  1082 | D:2      | Reached XP level 4. HP: 32/32 MP: 4/4
  1166 | D:2      | Found a burning altar of Makhleb.
  1489 | D:2      | Found a shattered altar of Ashenzari.
  1799 | D:2      | Noticed Crazy Yiuf
  1805 | D:2      | Killed Crazy Yiuf
  1805 | D:2      | Reached XP level 5. HP: 23/36 MP: 5/5
  1984 | D:2      | Found a shadowy altar of Dithmenos.
  2638 | D:3      | Noticed Jessica
  2674 | D:3      | Killed Jessica
  2828 | D:3      | Reached skill level 4 in Crossbows
  2901 | D:3      | Found a blossoming altar of Fedhas.
  3447 | D:4      | Reached XP level 6. HP: 40/42 MP: 6/6
  3501 | D:4      | Reached skill level 5 in Crossbows
  3636 | D:4      | Found a stormy altar of Qazlal.
  3744 | D:4      | Noticed a centaur
  3759 | D:4      | Killed a centaur
  3759 | D:4      | Reached XP level 7. HP: 21/46 MP: 7/7
  4117 | D:4      | Noticed Menkaure
  4656 | D:5      | Entered Level 5 of the Dungeon
  4907 | D:5      | Found a staircase to the Ecumenical Temple.
  4915 | Temple   | Entered the Ecumenical Temple
  5279 | D:4      | Noticed Duvessa
  5279 | D:4      | Noticed Dowan
  5311 | D:5      | Found a basalt altar of Yredelemnul.
  5312 | D:5      | Found a sacrificial altar of Ru.
  5362 | D:5      | Reached skill level 6 in Crossbows
  5635 | D:5      | Noticed Grinder
  6029 | D:6      | Noticed a hippogriff
  6045 | D:6      | Killed a hippogriff
  6045 | D:6      | Reached skill level 7 in Crossbows
  6045 | D:6      | Reached XP level 8. HP: 21/53 MP: 8/8
  7107 | D:6      | Reached skill level 1 in Evocations
  7241 | D:6      | Found Gozag's Platinum Reserve.
  7509 | D:5      | Paralysed by Grinder for 6 turns
  7561 | D:4      | Found Tammuf's Assorted Antiques.
  7570 | D:4      | Bought a pair of boots for 108 gold pieces
  7570 | D:4      | Bought a scroll labeled SMITRI HIASIFI for 24 gold pieces
  7570 | D:4      | Bought a scroll labeled BIKOYCR THOROM for 24 gold pieces
  7570 | D:4      | Bought a black potion for 21 gold pieces
  7615 | D:4      | Noticed Pikel
  7616 | D:4      | Noticed a slave
  7626 | D:4      | Noticed a slave
  7641 | D:4      | Noticed a slave
  7642 | D:4      | Noticed a slave
  7657 | D:4      | Killed Pikel
  7657 | D:4      | Reached XP level 9. HP: 50/57 MP: 12/18
  7703 | D:4      | Found a radiant altar of Vehumet.
  8791 | D:7      | Found a white marble altar of Elyvilon.
  9042 | D:7      | Found a radiant altar of Vehumet.
  9121 | D:7      | Reached skill level 5 in Short Blades
  9236 | D:7      | Found a bloodstained altar of Trog.
  9271 | D:7      | Became a worshipper of Trog the Wrathful
  9576 | D:6      | Reached skill level 5 in Stealth
  9631 | D:6      | Found Waopakysch's Antique Armour Shoppe.
  9634 | D:6      | Bought a pair of runed boots for 85 gold pieces
  9645 | D:6      | Identified a +2 pair of boots of running (You bought it in a shop on level 6 of the Dungeon)
  9799 | D:6      | Found an opulent altar of Gozag.
 10271 | D:8      | Found a deep blue altar of Sif Muna.
 10287 | D:8      | Found an iron altar of Okawaru.
 10409 | D:8      | Found a staircase to the Lair.
 10560 | D:8      | Noticed Prince Ribbit
 10567 | D:8      | Killed Prince Ribbit
 10567 | D:8      | Acquired Trog's first power
 10567 | D:8      | Reached XP level 10. HP: 63/63 MP: 11/20
 11209 | D:8      | Reached skill level 8 in Short Blades
 12102 | D:9      | Found a staircase to the Orcish Mines.
 12112 | D:9      | Reached skill level 9 in Short Blades
 13134 | D:6      | Bought a runed helmet for 85 gold pieces
 13195 | Lair:1   | Entered Level 1 of the Lair of Beasts
 13379 | Lair:1   | Reached skill level 10 in Short Blades
 13753 | Lair:1   | Reached skill level 11 in Short Blades
 13824 | Lair:1   | Acquired Trog's second power
 13830 | Lair:1   | Noticed a spiny frog
 13840 | Lair:1   | Noticed a black mamba
 13845 | Lair:1   | Killed a spiny frog
 13845 | Lair:1   | Reached XP level 11. HP: 31/67 MP: 19/21
 13856 | Lair:1   | Killed a black mamba
 13856 | Lair:1   | Reached skill level 12 in Short Blades
 14202 | Lair:1   | Noticed a spiny frog
 14212 | Lair:1   | Killed a spiny frog
 14744 | Lair:1   | Reached skill level 5 in Armour
 14849 | Lair:1   | Reached skill level 5 in Fighting
 15774 | Lair:2   | Noticed Erica
 15790 | Lair:2   | Killed Erica
 15802 | Lair:2   | Reached XP level 12. HP: 65/80 MP: 22/22
 16206 | Lair:2   | Received a gift from Trog
 17150 | Lair:3   | Acquired Trog's third power
 17355 | Lair:3   | Received a gift from Trog
 17406 | Lair:3   | Gained mutation: You expend magic power (6 MP) to slightly strengthen your wands. [mutagenic glow]
 17628 | D:6      | Gained mutation: You have sharp toenails. [potion of mutation]
 17901 | Lair:3   | Received a gift from Trog
 18100 | Lair:3   | Reached skill level 10 in Armour
 18658 | Lair:4   | Received a gift from Trog
 18851 | Lair:4   | Found a staircase to the Shoals.
 19267 | Lair:4   | Reached XP level 13. HP: 85/90 MP: 23/23
 19371 | Lair:4   | Found a staircase to the Snake Pit.
 20191 | Lair:5   | Reached skill level 10 in Fighting
 20684 | Lair:5   | Received a gift from Trog
 21138 | Lair:6   | Found a viscous altar of Jiyva.
 21226 | Lair:6   | Received a gift from Trog
 21260 | Lair:6   | Found a staircase to the Slime Pits.
 21424 | Lair:6   | Received a gift from Trog
 21480 | Lair:6   | Found a frozen archway.
 21787 | Lair:6   | Reached XP level 14. HP: 89/99 MP: 24/24
 21809 | Lair:6   | Reached skill level 10 in Crossbows
 21833 | IceCv    | Entered an ice cave
 21871 | IceCv    | Reached skill level 1 in Dodging
 22842 | IceCv    | Reached skill level 5 in Dodging
 23030 | IceCv    | Received a gift from Trog
 23340 | IceCv    | Noticed shklvsk's ghost (powerful DsGl)
 23367 | IceCv    | Killed shklvsk's ghost
 23441 | IceCv    | Noticed a frost giant
 23455 | IceCv    | Received a gift from Trog
 23485 | IceCv    | Killed a frost giant
 23519 | IceCv    | Got a crude triple crossbow {god gift}
 23520 | IceCv    | Identified the +9 triple crossbow "Lepevi" {flame, Str+3} (Trog gifted it to you in an ice cave)
 23766 | IceCv    | Got a dazzling pearl dragon armour
 23797 | IceCv    | Identified the cursed -3 pearl dragon armour of Thren {rElec rPois rF+ rN+ Str+4} (You found it in an ice cave)
 24585 | Lair:7   | Noticed RobertPalmer's ghost (powerful DsTm)
 24624 | Lair:7   | Found a labyrinth entrance.
 24652 | Lab      | Entered a labyrinth
 24883 | Lab      | Noticed Grangar's ghost (powerful DECj)
 24906 | Lab      | Killed Grangar's ghost
 25441 | Lab      | Got a transparent chain mail
 25456 | Lab      | Identified the +1 chain mail of Parts Unknown {Str+3 Int+3} (You found it in a labyrinth)
 25566 | Lair:7   | Received a gift from Trog
 25640 | Lair:7   | Killed RobertPalmer's ghost
 25660 | Lair:7   | Received a gift from Trog
 25889 | Lair:7   | Reached XP level 15. HP: 101/105 MP: 27/27
 26215 | Lair:8   | Entered Level 8 of the Lair of Beasts
 26375 | Lair:8   | Received a gift from Trog
 26675 | Lair:8   | Received a gift from Trog
 27219 | Lair:8   | Reached skill level 13 in Crossbows
 28054 | Orc:1    | Entered Level 1 of the Orcish Mines
 28183 | Orc:1    | Received a gift from Trog
 28272 | Orc:1    | Received a gift from Trog
 28449 | Orc:1    | Found a bloodstained altar of Trog.
 28990 | Orc:2    | Received a gift from Trog
 29086 | Orc:2    | Found a deep blue altar of Sif Muna.
 29591 | Orc:3    | Received a gift from Trog
 29933 | Orc:3    | Noticed Erolcha
 29936 | Orc:3    | Killed Erolcha
 30137 | Orc:3    | Received a gift from Trog
 30373 | Orc:4    | Entered Level 4 of the Orcish Mines
 30417 | Orc:4    | Noticed Grum
 30442 | Orc:4    | Killed Grum
 30669 | Orc:4    | Received a gift from Trog
 30722 | Orc:4    | Reached skill level 14 in Crossbows
 31129 | Orc:4    | Noticed Maurice
 31129 | Orc:4    | Paralysed by an orc sorcerer for 5 turns
 31151 | Orc:4    | Killed Maurice
 31247 | Orc:4    | Found Wuilus' Food Shop.
 31263 | Orc:4    | Found Jypoyt's General Store.
 31292 | Orc:4    | Received a gift from Trog
 31350 | Orc:4    | Bought a scroll of summoning for 114 gold pieces
 31374 | Orc:4    | Received a gift from Trog
 31441 | Orc:4    | Found a roughly hewn altar of Beogh.
 31446 | Orc:4    | Received a gift from Trog
 31542 | Orc:4    | Found Pymo's Armour Shoppe.
 31542 | Orc:4    | Found Vaups' Book Shop.
 31706 | Orc:4    | Received a gift from Trog
 31809 | Orc:4    | Found a staircase to the Elven Halls.
 31812 | Orc:4    | Found Saastara's Gadget Shop.
 31833 | Orc:4    | Found Froexif's Food Shoppe.
 32068 | Orc:4    | Bought a +0 rod of inaccuracy (10/10) for 1275 gold pieces
 32390 | Orc:4    | Found Opheruc's Magic Scroll Boutique.
 32397 | Orc:4    | Bought a scroll of fog for 30 gold pieces
 32603 | D:10     | Entered Level 10 of the Dungeon
 32605 | D:10     | Found Utun's Demolitions Depot.
 32680 | D:10     | Reached XP level 16. HP: 111/111 MP: 28/28
 32771 | D:10     | Received a gift from Trog
 33448 | D:11     | Received a gift from Trog
 34291 | D:12     | Reached skill level 15 in Crossbows
 34340 | D:12     | Noticed Harold
 34348 | D:12     | Killed Harold
 34552 | D:12     | Received a gift from Trog
 34819 | D:12     | Noticed Nergalle
 34824 | D:12     | Killed Nergalle
 35474 | D:13     | Received a gift from Trog
 35715 | D:13     | Received a gift from Trog
 36406 | D:14     | Reached skill level 16 in Crossbows
 36576 | D:14     | Received a gift from Trog
 36722 | D:14     | Found a gate to the Vaults.
 36967 | D:14     | Received a gift from Trog
 37093 | D:14     | Found a portal to a secret trove of treasure.
 37440 | D:14     | Reached skill level 17 in Crossbows
 37441 | D:14     | Reached XP level 17. HP: 117/117 MP: 29/29
 37506 | D:14     | Got a crystal double sword
 37507 | D:14     | Identified the +4 double sword of Lisa {venom, +Inv rPois rC+ rN+} (You found it on level 14 of the Dungeon)
 37620 | D:15     | Entered Level 15 of the Dungeon
 38138 | D:15     | Found an iron altar of Okawaru.
 38139 | D:15     | Found a white marble altar of Elyvilon.
 38139 | D:15     | Found a stormy altar of Qazlal.
 38516 | D:15     | Received a gift from Trog
 38524 | D:15     | Found a staircase to the Depths.
 38687 | D:15     | Received a gift from Trog
 39019 | D:15     | Reached skill level 18 in Crossbows
 40404 | D:15     | Received a gift from Trog
 40750 | D:15     | Got a fine lapis lazuli ring
 40752 | D:15     | Identified the ring of Crawling {Fire Int+4 Stlth+} (You found it on level 15 of the Dungeon)
 41075 | Snake:1  | Entered Level 1 of the Snake Pit
 41470 | Snake:1  | Received a gift from Trog
 41597 | Snake:1  | Reached XP level 18. HP: 126/126 MP: 30/30
 42098 | Snake:1  | Received a gift from Trog
 42730 | Snake:2  | Found a shadowy altar of Dithmenos.
 42944 | Snake:2  | Received a gift from Trog
 44756 | Snake:3  | Noticed Vashnia
 45599 | Snake:3  | Received a gift from Trog
 45636 | Snake:3  | Reached skill level 19 in Crossbows
 45658 | Snake:3  | Noticed Norris
 45668 | Snake:3  | Killed Norris
 46610 | Snake:3  | Killed Vashnia
 47328 | Snake:4  | Noticed Roxanne
 47336 | Snake:4  | Killed Roxanne
 47352 | Snake:4  | Identified Roxanne's Volume of Mutagenic Earth (You took it off Roxanne on level 4 of the Snake Pit)
 47414 | Snake:4  | Reached skill level 10 in Evocations
 47466 | Snake:4  | Received a gift from Trog
 47897 | Snake:4  | Reached XP level 19. HP: 132/132 MP: 32/32
 47933 | Snake:4  | Received a gift from Trog
 48477 | Snake:5  | Entered Level 5 of the Snake Pit
 48743 | Snake:5  | Received a gift from Trog
 48926 | Snake:5  | Received a gift from Trog
 49610 | Snake:5  | Received a gift from Trog
 49815 | Snake:5  | Reached skill level 20 in Crossbows
 50089 | Snake:5  | Received a gift from Trog
 50684 | Snake:5  | Got a serpentine rune of Zot
 51253 | Vaults:1 | Entered Level 1 of the Vaults
 52330 | Vaults:1 | Reached XP level 20. HP: 110/140 MP: 10/32
 52451 | Vaults:1 | Received a gift from Trog
 53007 | Vaults:1 | Received a gift from Trog
 53048 | Vaults:1 | Noticed a Brimstone Fiend
 53497 | Vaults:1 | Received a gift from Trog
 54595 | Vaults:2 | Received a gift from Trog
 54837 | Vaults:2 | Reached skill level 21 in Crossbows
 55400 | Vaults:2 | Received a gift from Trog
 55822 | D:4      | Bought a shiny pearl dragon armour for 2400 gold pieces
 56137 | D:5      | Killed Grinder
 56536 | Orc:4    | Bought 3 curare-tipped needles for 21 gold pieces
 56861 | Vaults:2 | Received a gift from Trog
 57273 | Vaults:2 | Found Cresiar's Gadget Emporium.
 57511 | Vaults:2 | Reached XP level 21. HP: 148/148 MP: 33/33
 57640 | Vaults:2 | Received a gift from Trog
 57650 | Vaults:2 | Got a transparent arbalest {god gift}
 57651 | Vaults:2 | Identified the +8 arbalest of Night {velocity, rPois MR+} (Trog gifted it to you on level 2 of the Vaults)
 58304 | Vaults:3 | Received a gift from Trog
 59007 | Vaults:3 | Received a gift from Trog
 59231 | Vaults:3 | Reached skill level 22 in Crossbows
 59262 | Vaults:3 | Reached skill level 10 in Dodging
 59308 | Vaults:3 | Found a staircase to the Crypt.
 59799 | Vaults:4 | Received a gift from Trog
 59872 | Vaults:4 | Received a gift from Trog
 60187 | Vaults:4 | Received a gift from Trog
 60412 | Vaults:4 | Received a gift from Trog
 60509 | Vaults:4 | Reached XP level 22. HP: 90/155 MP: 33/33
 60639 | Vaults:4 | Received a gift from Trog
 60713 | Vaults:4 | Received a gift from Trog
 60861 | Vaults:4 | Received a gift from Trog
 60922 | Vaults:4 | Noticed Jory
 60972 | Vaults:4 | Killed Jory
 61900 | Shoals:1 | Entered Level 1 of the Shoals
 62255 | Shoals:1 | Received a gift from Trog
 62686 | Shoals:2 | Found Ceigeop's General Store.
 63176 | Shoals:2 | Received a gift from Trog
 63238 | Shoals:1 | Reached skill level 23 in Crossbows
 63532 | Shoals:2 | Received a gift from Trog
 63658 | Shoals:3 | Received a gift from Trog
 63945 | Shoals:3 | Received a gift from Trog
 64007 | Shoals:3 | Received a gift from Trog
 64392 | Shoals:4 | Noticed Kirke
 64406 | Shoals:4 | Killed Kirke
 64987 | Shoals:5 | Entered Level 5 of the Shoals
 65020 | Shoals:5 | Noticed Ilsuiw
 65808 | Shoals:5 | Received a gift from Trog
 65824 | Shoals:5 | Reached XP level 23. HP: 161/161 MP: 34/34
 65990 | Shoals:5 | Got a barnacled rune of Zot
 66252 | Shoals:5 | Killed Ilsuiw
 66373 | Shoals:5 | Received a gift from Trog
 66641 | Shoals:5 | Received a gift from Trog
 66739 | Shoals:5 | Reached skill level 24 in Crossbows
 67387 | Orc:4    | Bought a throwing net for 36 gold pieces
 67387 | Orc:4    | Bought a scroll of identify for 24 gold pieces
 67443 | Orc:4    | Bought a scroll of identify for 30 gold pieces
 67443 | Orc:4    | Bought a scroll of identify for 30 gold pieces
 67443 | Orc:4    | Bought 2 scrolls of identify for 60 gold pieces
 67443 | Orc:4    | Bought a scroll of identify for 30 gold pieces
 67443 | Orc:4    | Bought a scroll of magic mapping for 52 gold pieces
 67443 | Orc:4    | Bought a scroll of teleportation for 45 gold pieces
 67443 | Orc:4    | Bought a scroll of teleportation for 45 gold pieces
 67443 | Orc:4    | Bought a scroll of teleportation for 45 gold pieces
 67687 | D:14     | You paid a toll of 17 scrolls of identify to enter a treasure trove
 67688 | Trove    | Entered a treasure trove
 68407 | Depths:1 | Entered Level 1 of the Depths
 68679 | Depths:1 | Reached skill level 15 in Fighting
 68823 | Depths:1 | Received a gift from Trog
 69227 | Depths:1 | Gained mutation: You are agile. (Dex +2) [potion of beneficial mutation]
 69330 | Depths:1 | Reached skill level 15 in Armour
 69487 | Depths:1 | Received a gift from Trog
 69654 | Depths:1 | Received a gift from Trog
 69861 | Depths:1 | Found a gateway to Hell.
 70196 | Depths:2 | Noticed Wiglaf
 70208 | Depths:2 | Killed Wiglaf
 70347 | Depths:2 | Received a gift from Trog
 70389 | Depths:2 | Received a gift from Trog
 70623 | Depths:2 | Reached XP level 24. HP: 166/171 MP: 35/35
 70669 | Depths:2 | Found a corrupted altar of Lugonu.
 70670 | Depths:2 | Found a one-way gate to the infinite horrors of the Abyss.
 70866 | Depths:2 | Received a gift from Trog
 71042 | Depths:2 | Noticed Nikola
 71131 | Depths:2 | Received a gift from Trog
 71272 | Depths:2 | Killed Nikola
 71537 | Depths:2 | Noticed Mara
 71544 | Depths:2 | Killed Mara
 71602 | Depths:2 | Received a gift from Trog
 71733 | Depths:2 | Got a twitching steel amulet
 71935 | Depths:2 | Found a gateway to a ziggurat.
 72198 | Depths:3 | Reached skill level 25 in Crossbows
 72509 | Depths:3 | Identified the amulet "Twef" {rCorr Str+2 Dex+5} (You found it on level 2 of the Depths)
 72523 | Depths:3 | Found a one-way gate leading to the halls of Pandemonium.
 72526 | Depths:3 | Received a gift from Trog
 72586 | Depths:3 | Received a gift from Trog
 72866 | Depths:3 | Found Dule's Distillery.
 72871 | Depths:3 | Bought a potion of curing for 40 gold pieces
 72871 | Depths:3 | Bought a potion of agility for 50 gold pieces
 72871 | Depths:3 | Bought 2 potions of porridge for 40 gold pieces
 72871 | Depths:3 | Bought a potion of curing for 40 gold pieces
 72871 | Depths:3 | Bought a potion of curing for 40 gold pieces
 72871 | Depths:3 | Bought a potion of might for 50 gold pieces
 72871 | Depths:3 | Bought a potion of curing for 40 gold pieces
 73541 | Depths:3 | Received a gift from Trog
 73571 | Depths:3 | Reached XP level 25. HP: 177/177 MP: 35/35
 73608 | Depths:3 | Received a gift from Trog
 73639 | Depths:3 | Found a burning altar of Makhleb.
 73667 | Depths:3 | Got a brightly glowing bronze ring
 73669 | Depths:3 | Identified the ring "Sery" {+Fly rElec} (You took it off a hell knight on level 3 of the Depths)
 74744 | Depths:4 | Received a gift from Trog
 74965 | Depths:4 | Received a gift from Trog
 74969 | Depths:4 | Reached skill level 26 in Crossbows
 75029 | Depths:4 | Received a gift from Trog
 75165 | Depths:4 | Received a gift from Trog
 75778 | Depths:4 | Received a gift from Trog
 76028 | Depths:5 | Entered Level 5 of the Depths
 76080 | Depths:5 | Found a flickering gateway to a bazaar.
 76110 | Bazaar   | Entered a bazaar
 76110 | Bazaar   | Found Klevva's Weapon Boutique.
 76110 | Bazaar   | Found Braim's Jewellery Boutique.
 76151 | Bazaar   | Found Kleireumn's Magic Scroll Shop.
 76189 | Bazaar   | Found Khaiw's General Store.
 76197 | Bazaar   | Bought a potion of resistance for 98 gold pieces
 76197 | Bazaar   | Bought 2 potions of might for 70 gold pieces
 76250 | Bazaar   | Bought a scroll of silence for 105 gold pieces
 76250 | Bazaar   | Bought a scroll of silence for 105 gold pieces
 76250 | Bazaar   | Bought a scroll of acquirement for 728 gold pieces
 76557 | Depths:5 | Found a gate to the Realm of Zot.
 76969 | Depths:5 | Received a gift from Trog
 77007 | Depths:5 | Reached XP level 26. HP: 185/185 MP: 36/36
 78021 | Vaults:5 | Entered Level 5 of the Vaults
 78028 | Vaults:5 | Noticed an ancient lich
 78047 | Vaults:5 | Killed an ancient lich
 78091 | Vaults:5 | Noticed Sojobo
 78120 | Vaults:5 | Killed Sojobo
 78154 | Vaults:5 | Got a heavily runed bone amulet
 78400 | Vaults:5 | Received a gift from Trog
 78618 | Vaults:5 | Reached skill level 10 in Stealth
 78821 | Vaults:5 | Received a gift from Trog
 78836 | Vaults:5 | Noticed an ancient lich
 78849 | Vaults:5 | Killed an ancient lich
 78889 | Vaults:5 | Reached skill level 15 in Stealth
 78920 | Vaults:5 | Identified the amulet "Akhlila" {+Rage Str+2 Dex+3 SInv Regen} (You found it on level 5 of the Vaults)
 79316 | Vaults:5 | Noticed an ancient lich
 79319 | Vaults:5 | Reached XP level 27. HP: 160/192 MP: 36/36
 79321 | Vaults:5 | Killed an ancient lich
 79531 | Vaults:5 | Noticed an ancient lich
 79544 | Vaults:5 | Killed an ancient lich
 79546 | Vaults:5 | Received a gift from Trog
 79576 | Vaults:5 | Got a silver rune of Zot
 79864 | Vaults:4 | Got a brightly glowing copper ring
 79866 | Vaults:4 | Identified the ring of Feuloff {+Blink +Fly rElec rC++ EV+1} (You took it off a vault guard on level 4 of the Vaults)
 80083 | Vaults:5 | Received a gift from Trog
 80201 | Vaults:5 | Reached skill level 15 in Dodging
 81160 | Elf:1    | Entered Level 1 of the Elven Halls
 81162 | Elf:1    | Noticed Louise
 81169 | Elf:1    | Killed Louise
 81390 | Elf:1    | Received a gift from Trog
 81444 | Elf:1    | Received a gift from Trog
 81474 | Elf:1    | Noticed Aizul
 81486 | Elf:1    | Killed Aizul
 81504 | Elf:1    | Received a gift from Trog
 81724 | Elf:1    | Noticed Donald
 81726 | Elf:1    | Killed Donald
 81795 | Elf:1    | Noticed Nessos
 81798 | Elf:1    | Killed Nessos
 81907 | Elf:2    | Paralysed by an orc sorcerer for 2 turns
 81918 | Elf:2    | Received a gift from Trog
 82189 | Elf:2    | Received a gift from Trog
 82219 | Elf:2    | Received a gift from Trog
 82683 | Elf:3    | Entered Level 3 of the Elven Halls
 82993 | Elf:3    | Received a gift from Trog
 83306 | Elf:3    | Received a gift from Trog
 83671 | Elf:3    | Received a gift from Trog
 83757 | Elf:3    | Received a gift from Trog
 83796 | Elf:3    | Received a gift from Trog
 83890 | Elf:3    | Received a gift from Trog
 84718 | Zot:1    | Entered Level 1 of the Realm of Zot
 85918 | Zot:1    | Received a gift from Trog
 86157 | Zot:1    | Received a gift from Trog
 87402 | Zot:1    | Received a gift from Trog
 87971 | Zot:3    | Received a gift from Trog
 88824 | Zot:4    | Noticed Tiamat
 89873 | Zot:4    | Killed Tiamat
 89873 | Zot:4    | Received a gift from Trog
 90527 | Zot:5    | Entered Level 5 of the Realm of Zot
 90544 | Zot:4    | Received a gift from Trog
 91143 | Zot:5    | Reached skill level 27 in Crossbows
 91147 | Zot:5    | Received a gift from Trog
 91419 | Zot:5    | Noticed an orb of fire
 91422 | Zot:5    | Noticed an ancient lich
 91425 | Zot:5    | Killed an orb of fire
 91452 | Zot:5    | Killed an ancient lich
 91504 | Zot:5    | Noticed an orb of fire
 91509 | Zot:5    | Killed an orb of fire
 91608 | Zot:5    | Noticed an orb of fire
 91613 | Zot:5    | Killed an orb of fire
 91819 | Zot:5    | Noticed an orb of fire
 91830 | Zot:5    | Killed an orb of fire
 92143 | Zot:5    | Noticed an orb of fire
 92154 | Zot:5    | Killed an orb of fire
 92718 | Zot:5    | Got the Orb of Zot
 92911 | Zot:1    | Noticed Inima the pandemonium lord
 92934 | Depths:5 | Noticed Maisen the pandemonium lord
 92938 | Depths:5 | Killed Maisen the pandemonium lord
 92969 | Depths:5 | Noticed Giffo the pandemonium lord
 93037 | Depths:2 | Noticed Qierphi the pandemonium lord
 93252 | D:10     | Noticed Wausmoux the pandemonium lord
 93297 | D:7      | Noticed Yruugg the pandemonium lord
 93587 | D:$      | Escaped with the Orb!

Action                   |  1- 3 |  4- 6 |  7- 9 | 10-12 | 13-15 | 16-18 | 19-21 | 22-24 | 25-27 || total
-------------------------+-------+-------+-------+-------+-------+-------+-------+-------+-------++-------
Melee: Dagger            |    18 |    14 |   517 |    56 |       |       |       |       |       ||   605
       Short sword       |       |       |       |  1086 |   268 |       |       |       |       ||  1354
       Quick blade       |       |       |       |       |  1385 |   465 |   275 |   442 |   248 ||  2815
       Triple crossbow   |       |       |       |       |       |     5 |     1 |       |     1 ||     7
 Fire: Hand crossbow     |    65 |   137 |   106 |     8 |     9 |       |       |       |       ||   325
       Triple crossbow   |       |       |       |       |   455 |  1030 |  1022 |  1146 |  2273 ||  5926
Invok: Burn Spellbooks   |       |       |     1 |       |     2 |     4 |     2 |     7 |    11 ||    27
       Berserk           |       |       |       |     2 |     5 |       |       |       |       ||     7
       Trog's Hand       |       |       |       |     1 |     6 |     5 |     9 |    15 |    30 ||    66
       Brothers in Arms  |       |       |       |       |       |       |     4 |     3 |     7 ||    14
 Abil: Evoke Invisibilit |       |       |    19 |    34 |    35 |    21 |    19 |    23 |    13 ||   164
       Turn Visible      |       |       |    11 |    31 |    18 |    12 |     9 |    15 |     5 ||   101
       Evoke Flight      |       |       |       |       |       |       |       |       |     2 ||     2
       Evoke Teleport Co |       |       |       |       |       |       |       |       |     1 ||     1
       Evoke Blink       |       |       |       |       |       |       |       |       |     2 ||     2
Evoke: Wand              |       |       |     1 |    14 |     6 |     5 |    10 |     1 |     5 ||    42
       Phantom mirror    |       |       |       |       |     1 |       |       |       |       ||     1
       Lamp of fire      |       |       |       |       |       |     1 |     1 |     2 |       ||     4
       Fan of gales      |       |       |       |       |       |     1 |       |     1 |       ||     2
       Rod               |       |       |       |       |       |       |       |     3 |       ||     3
  Use: Scroll            |     7 |     3 |     5 |     7 |    18 |     6 |     7 |     9 |    18 ||    80
       Potion            |       |     3 |     2 |     1 |     2 |     4 |     4 |     4 |     6 ||    26
 Stab: Invisible         |       |       |    41 |    89 |   184 |    84 |    77 |   103 |    51 ||   629
       Sleeping          |       |       |     7 |    15 |     2 |       |       |       |     9 ||    33
       Distracted        |       |       |       |     1 |       |     2 |       |       |     1 ||     4
       Confused          |       |       |       |       |     1 |       |       |       |       ||     1
       Held in net/web   |       |       |       |       |       |       |       |     1 |       ||     1
  Eat: Chunk             |       |     8 |    23 |    41 |    48 |    34 |    26 |    25 |     7 ||   212
       Fruit             |       |       |     3 |     1 |     4 |     2 |    11 |     5 |    19 ||    45
       Meat ration       |       |       |     1 |       |       |     1 |     2 |     1 |     4 ||     9
       Bread ration      |       |       |       |       |     2 |     3 |       |     4 |     5 ||    14
       Royal jelly       |       |       |       |       |     1 |       |     1 |       |     2 ||     4
       Pizza             |       |       |       |       |       |       |       |     1 |     2 ||     3
       Beef jerky        |       |       |       |       |       |       |       |       |     2 ||     2
